Map: Rainfall LE

Players

Esamurai - Winner!

  • Race: Terran Terran
  • League: Platinum

A.I. 1 (Very Easy)

  • Race: Terran Terran

VOD

Have the link to the VOD?

Description

Time

  • Played on: Oct. 30, 2026, 10:30 p.m.
  • Length: 8:22
Show
View Real Time Build Order
Export as new Build Order

Esamurai Terran - Winner!

Build Orders:  

Get SALT Encoding   

  12  0:00  SCV  
  13  0:12  SCV  
  14  0:17  Supply Depot  
  14  0:24  SCV  
  15  0:39  SCV  
  15  0:40  Barracks  
  16  0:46  Refinery  
  16  0:51  SCV  
  17  1:03  SCV  
  18  1:15  SCV  
  19  1:27  Orbital Command  
  19  1:30  Barracks Reactor  
  19  1:39  Command Center  
  19  1:53  Supply Depot  
  19  1:55  SCV  
  20  2:05  Marine  
  20  2:07  SCV  
  22  2:16  Marine  
  22  2:19  SCV  
  22  2:20  Factory  
  24  2:25  Barracks  
  24  2:26  Refinery  
  24  2:29  Marine  
  25  2:34  SCV  
  26  2:39  Marine  
  27  2:46  SCV  
  27  2:49  Marine  
  29  2:55  Orbital Command  
  29  2:57  Marine  
  30  2:58  SCV  
  30  3:05  Supply Depot, Factory Tech Lab  
  31  3:10  SCV  
  31  3:11  Marine  
  33  3:14  Barracks Tech Lab  
  33  3:18  Marine  
  34  3:22  SCV  
  34  3:25  SCV  
  36  3:30  Supply Depot  
  37  3:36  Siege Tank  
  37  3:38  Combat Shield  
  37  3:40  SCV  
  40  3:43  SCV  
  41  3:52  SCV  
  42  3:56  Marine  
  42  3:57  Marine x2, Supply Depot  
  42  4:00  SCV  
  46  4:04  SCV  
  46  4:09  Siege Tank  
  50  4:12  SCV  
  50  4:14  Marine x2  
  50  4:16  SCV  
  54  4:24  SCV  
  54  4:25  Supply Depot  
  54  4:28  SCV  
  56  4:33  Starport  
  56  4:36  SCV  
  57  4:39  Engineering Bay  
  57  4:40  Barracks, SCV  
  57  4:43  Siege Tank  
  57  4:44  Marine  
  62  4:47  Marine  
  62  4:48  Marine, SCV  
  65  4:53  SCV, Refinery  
  66  5:00  Stimpack  
  66  5:02  Marine  
  66  5:03  SCV  
  66  5:05  Marine x2  
  70  5:08  Supply Depot, Terran Infantry Weapons Level 1  
  70  5:13  Supply Depot  
  70  5:15  Starport Reactor  
  70  5:25  Marine x3  
  75  5:32  Barracks Reactor  
  75  5:35  Siege Tank  
  76  5:43  Marine x2  
  78  5:50  Marine  
  78  5:51  Supply Depot  
  78  5:53  Medivac, Barracks  
  78  5:54  Barracks  
  81  5:57  Refinery, Supply Depot  
  81  6:01  Marine x2  
  81  6:02  Medivac  
  85  6:08  Marine  
  86  6:15  Siege Tank  
  86  6:17  Supply Depot  
  89  6:18  Marine x3  
  89  6:20  Marine  
  89  6:21  Supply Depot  
  93  6:29  Medivac  
  93  6:30  Marine  
  96  6:36  Marine  
  97  6:43  Supply Depot  
  97  6:46  Supply Depot, Marine x4  
  100  6:47  Marine  
  100  6:51  Siege Tank  
  105  6:54  Marine  
  105  7:00  Marine  
  107  7:01  Medivac  
  107  7:04  Marine x2  
Show
View Real Time Build Order
Export as new Build Order

A.I. 1 (Very Easy) Terran 

Build Orders:  

Get SALT Encoding   

  12  0:00  SCV  
  13  0:13  SCV  
  14  0:18  Supply Depot  
  14  0:36  Refinery  
  14  0:42  Barracks  
  14  1:03  Supply Depot  
  14  1:11  Refinery  
  14  1:29  Orbital Command, Marine  
  15  1:55  SCV  
  16  2:02  Marine  
  16  2:07  SCV  
  18  2:20  SCV  
  19  2:32  SCV  
  19  2:35  Marine  
  21  2:44  SCV  
  22  2:56  SCV  
  23  5:48  Marine, SCV  
  25  5:50  Supply Depot  
  25  5:53  Factory  
  25  6:12  SCV  
  25  6:16  Supply Depot  
  26  6:22  Barracks Tech Lab  
  26  6:24  SCV  
  24  6:36  SCV  
  24  6:39  Starport, Marine  
  25  6:43  Command Center  
  26  6:49  SCV  
  27  7:12  Marine  
  28  7:17  Starport Tech Lab  
  28  7:18  SCV  
  27  7:31  SCV  
  27  7:36  Raven  
  27  7:41  Hellion  
  27  7:43  SCV  
  25  7:55  SCV  
  16  8:07  SCV  
  16  8:12  Supply Depot  
Tags
 
League
Platinum
Matchup
TvT
Race
Terran
Add a new tag
Caveats
  • Supply blocks, unpowered buildings, or Contaminate may cause inaccurate times.
  • Supply counts are checked every 10 seconds.